 Dungeon Crawl Stone Soup version 0.21.1-1-g345015fe64 (webtiles) character file.

1207 LevaFresel the Chopper (level 8, -5/62 HPs)
             Began as a Human Fighter on June 23, 2018.
             Slain by an orc warrior
             ... wielding a +0 trident
              (10 damage)
             ... on level 5 of the Dungeon.
             The game lasted 00:24:36 (5976 turns).

LevaFresel the Chopper (Human Fighter)              Turns: 5976, Time: 00:24:37

Health: -5/62      AC: 12    Str: 19    XL:     8   Next: 73%
Magic:  10/10      EV:  5    Int:  8    God:
Gold:   270        SH: 10    Dex: 13    Spells: 7/7 levels left

rFire    . . .     SeeInvis .   a - +0 war axe
rCold    . . .     Gourm    .   c - +0 shield
rNeg     . . .     Faith    .   B - +3 chain mail {rPois}
rPois    +         Spirit   .   (no helmet)
rElec    .         Reflect  .   (no cloak)
rCorr    .         Harm     .   (no gloves)
MR       .....                  (no boots)
Stlth    ..........             (no amulet)
HPRegen  0.20/turn              (no ring)
MPRegen  0.12/turn              (no ring)

@: no status effects
A: no striking features
a: no special abilities


You were on level 5 of the Dungeon.
You were not hungry.

You visited 1 branch of the dungeon, and saw 6 of its levels.

You collected 270 gold pieces.

Inventory:

Hand Weapons
 a - a +0 war axe (weapon)
 b - a +2 long sword of venom
Missiles
 o - 85 stones (quivered)
Armour
 c - a +0 shield (worn)
 B - a +3 chain mail of poison resistance (worn)
Wands
 r - a wand of digging (13)
 v - a wand of polymorph (19)
 w - a wand of paralysis (10)
 x - a wand of disintegration (6)
 A - a wand of flame (37)
Scrolls
 h - a scroll of immolation {unknown}
 j - a scroll of amnesia {unknown}
 k - a scroll of remove curse {unknown}
 l - 2 scrolls of identify
 u - 3 scrolls of teleportation {unknown}
 y - a scroll of noise {unknown}
 z - a scroll of fear {unknown}
Potions
 d - a potion of might
 e - 2 potions of curing
 i - a potion of magic {unknown}
 m - a potion of agility
 n - 2 potions of heal wounds {unknown}
 p - a potion of flight {unknown}
 s - 2 potions of haste {unknown}
 t - a potion of berserk rage {unknown}
Books
 q - a book of Changes

   Spells                             Type                      Level
   a - Beastly Appendage              Transmutation                1
   b - Sticks to Snakes               Transmutation                2
   c - Spider Form                    Transmutation/Poison         3
   d - Ice Form                       Ice/Transmutation            4
   e - Blade Hands                    Transmutation                5
Comestibles
 f - 5 rations


   Skills:
 + Level 5.0 Fighting
 * Level 6.3 Axes
 + Level 5.0 Armour
 + Level 5.1 Shields
 + Level 2.7 Evocations


You had 7 spell levels left.
You didn't know any spells.

Dungeon Overview and Level Annotations

Branches:
Dungeon (6/15)
 Temple: D:4-7

Altars:
Dithmenos
Nemelex Xobeh
Okawaru
Qazlal
Wu Jian
Xom
Zin

Shops:
D:4 [


Message History

Pain shoots through your body!
The orc warrior hits you with a trident!
* * * LOW HITPOINT WARNING * * *
You hit the orc warrior but do no damage.
The orc warrior is heavily wounded.
You hit the shadow imp but do no damage.
The shadow imp gestures at you.
You struggle to resist.
The orc warrior hits you with a trident!
* * * LOW HITPOINT WARNING * * *
You slash the orc warrior!
The orc warrior is severely wounded.
You completely miss the shadow imp.
The shadow imp hits you but does no damage.
You block the orc warrior's attack. You block the shadow imp's attack.
You closely miss the orc warrior.
The orc warrior is severely wounded.
You completely miss the shadow imp.
The orc warrior hits you with a trident!
You die...

#.# #.....# #.# #.....# #.# #####
#.....# ########
###.######...###.....# #.......
..#.....##...'.......# #.######
#.#.###.##...###.....# #.# ##
#.#####.##...# #.....# #.# #.
#.....#......######### #.# #.
...)...........5@# #.# #.
...##.####.....#o# #.# #. ...##.#
#(#.#.#.####### #.#####. ...##.#
##.#.#.........# #.#..... ...##.#
#....#.........# #....... ....#.#
#..###.........# ###.###.
....<.###..........##### #.###.
...#..#........#.#.#########...#.
...#..#.##.#####.#............>#.


You could see an orc warrior and a shadow imp.

Vanquished Creatures
  Eustachio (D:5)
  The ghost of aloneDruid the Skirmisher, an amateur DsAK of Lugonu (D:3)
  Edmund (D:6)
  Duvessa (D:5)
  An ogre (D:5)
  A centaur (D:5)
  A bullfrog (D:5)
  Dowan (D:5)
  A jelly (D:5)
  An orc priest (D:6)
  A hound (D:4)
  2 centaur skeletons (D:4)
  Jessica (D:2)
  2 worker ants (D:4)
  A hound zombie (D:6)
  2 hound skeletons
  5 adders
  A shadow imp (D:6)
  An ooze (D:2)
  6 worms
  A dart slug (D:2)
  2 leopard geckos (D:2)
  13 orcs
  6 giant cockroaches
  9 goblins
  8 hobgoblins
  5 jackals
  7 kobolds
  A quokka (D:2)
  A ball python skeleton (D:4)
  10 bats
  3 frilled lizards (D:3)
  A quokka skeleton (D:4)
  9 rats
  A plant (D:6)
109 creatures vanquished.

Notes
Turn   | Place    | Note
-------+----------+-------------------------------------------
     0 | D:1      | LevaFresel the Human Fighter began the quest for the Orb.
     0 | D:1      | Reached XP level 1. HP: 18/18 MP: 1/1
    48 | D:1      | Reached XP level 2. HP: 24/24 MP: 2/2
   694 | D:2      | Found a shadowy altar of Dithmenos.
   763 | D:2      | Reached XP level 3. HP: 8/29 MP: 3/3
   860 | D:2      | Reached skill level 3 in Axes
   860 | D:2      | Reached XP level 4. HP: 18/35 MP: 4/4
  1067 | D:2      | Found a glowing silver altar of Zin.
  1235 | D:2      | Found a sparkling altar of Nemelex Xobeh.
  1264 | D:2      | Found an ornate altar of the Wu Jian Council.
  1305 | D:2      | Found a sparkling altar of Nemelex Xobeh.
  1355 | D:2      | Noticed Jessica
  1367 | D:2      | Killed Jessica
  1367 | D:2      | Reached XP level 5. HP: 14/41 MP: 5/5
  2085 | D:3      | Noticed aloneDruid's ghost (amateur DsAK)
  2945 | D:3      | Killed aloneDruid's ghost
  2945 | D:3      | Reached skill level 4 in Axes
  2945 | D:3      | Reached XP level 6. HP: 44/48 MP: 6/6
  3422 | D:4      | Found Xoff's Armour Shoppe.
  3853 | D:4      | Reached XP level 7. HP: 43/54 MP: 7/7
  3952 | D:4      | Reached skill level 1 in Evocations
  4317 | D:5      | Entered Level 5 of the Dungeon
  4441 | D:5      | Reached skill level 5 in Axes
  4656 | D:5      | Noticed Eustachio
  4664 | D:5      | Killed Eustachio
  4664 | D:5      | Reached XP level 8. HP: 49/61 MP: 9/9
  4705 | D:5      | Noticed Dowan
  4716 | D:5      | Killed Dowan
  4719 | D:5      | Noticed Duvessa
  4731 | D:5      | Killed Duvessa
  5354 | D:6      | Found an iron altar of Okawaru.
  5355 | D:6      | Found a stormy altar of Qazlal.
  5355 | D:6      | Found a shimmering altar of Xom.
  5423 | D:6      | Noticed Edmund
  5465 | D:6      | Killed Edmund
  5465 | D:6      | Reached skill level 6 in Axes
  5465 | D:6      | Reached skill level 5 in Shields
  5663 | D:6      | Reached skill level 5 in Fighting
  5704 | D:6      | Reached skill level 5 in Armour
  5976 | D:5      | Slain by an orc warrior

Skill      XL: |  1  2  3  4  5  6  7  8 |
---------------+-------------------------+-----
Axes           | 3 4 5 6 |  6.3
Fighting       | 4 5 |  5.0
Armour         | 4 5 |  5.0
Shields        | 4 5 |  5.1
Evocations     | 1 2 |  2.7

Action                   |  1- 3 |  4- 6 |  7- 9 || total
-------------------------+-------+-------+-------++-------
Melee: War axe           |    76 |   185 |   140 ||   401
       Long sword        |       |       |     7 ||     7
Throw: Stone             |       |     2 |     1 ||     3
Evoke: Wand              |       |       |     1 ||     1
  Use: Potion            |     1 |     1 |     2 ||     4
       Scroll            |       |     4 |     5 ||     9
  Eat: Ration            |       |     2 |     2 ||     4
       Chunk             |       |     4 |       ||     4
Armor: Scale mail        |    46 |    76 |    27 ||   149
       Chain mail        |       |       |    16 ||    16
Dodge: Dodged            |    26 |    47 |    36 ||   109
Block: Shield            |    41 |    86 |    74 ||   201
       Rpst.: Long sword |       |       |     2 ||     2
